 Dungeon Crawl Stone Soup version 0.30-a0-49-g1cef19eb02 (webtiles) character file.

Game seed: 13583518991245549046

1122 Kinoniko the Fighter (level 8, -1/88 HPs)
             Began as an Ogre Berserker on Sept 2, 2022.
             Was a Believer of Trog.
             Slain by a black bear (5 damage)
             ... on level 5 of the Dungeon.
             The game lasted 00:04:37 (5396 turns).

Kinoniko the Fighter (Ogre Berserker)               Turns: 5396, Time: 00:04:38

Health: -1/88      AC:  4    Str: 23 (24) XL:     8   Next: 35%
Magic:  8/8        EV:  9    Int:  7 (8)  God:    Trog [**....]
Gold:   290        SH:  0    Dex:  6 (8)  Spells: 7/7 levels left

rFire   . . .      SeeInvis .    d - +0 whip (elec)
rCold   . . .      Faith    .    (no shield)
rNeg    . . .      Spirit   .    b - +0 animal skin
rPois   .          Reflect  .    n - +1 hat
rElec   .          Harm     .    (no cloak)
rCorr   .          Rampage  .    (gloves unavailable)
Will    .....                    (boots unavailable)
Stlth   +.........               q - amulet of the acrobat
HPRegen 0.24/turn                (no ring)
MPRegen 0.11/turn                (no ring)

@: on berserk cooldown, slowed, very slow
A: large, unfitting armour, tough skin 1
a: Renounce Religion, Berserk, Trog's Hand


You were on level 5 of the Dungeon.
You worshipped Trog.
Trog was pleased with you.
You visited 1 branch of the dungeon, and saw 5 of its levels.

You collected 290 gold pieces.

Inventory:

Hand Weapons
 a - a +0 hand axe
 d - a +0 whip of electrocution (weapon)
Armour
 b - a +0 animal skin (worn)
 n - a +1 hat (worn)
Jewellery
 j - a ring of ice
 k - a ring of magical power
 l - a ring of fire
 q - an amulet of the acrobat (around neck)
Wands
 i - a wand of iceblast (5)
 p - a wand of digging (2)
Scrolls
 e - a scroll of blinking
 f - a scroll of enchant armour
 o - a scroll of magic mapping
 r - a scroll of fear
 s - 3 scrolls of noise {unknown}
 t - 5 scrolls of identify
 u - a scroll of fog {unknown}
Potions
 c - 2 potions of might
 h - a potion of berserk rage {unknown}
 v - a potion of degeneration


   Skills:
 + Level 8.2 Fighting
 - Level 5.8(7.0) Axes
 * Level 5.3(6.4) Maces & Flails
 - Level 2.6 Dodging


You had 7 spell levels left.
You didn't know any spells.
Your spell library was empty.

Dungeon Overview and Level Annotations

Branches:
Dungeon (5/15)
 Temple: D:4-7

Altars:
Dithmenos
Elyvilon
Nemelex Xobeh
Okawaru
Sif Muna
Vehumet
Xom


Innate Abilities, Weirdness & Mutations

You are too large for most types of armour.
You have tough skin. (AC +1)


Message History

You hit the black bear.
The black bear is almost dead.
The black bear bites you!
* * * LOW HITPOINT WARNING * * *
The black bear barely misses you. The black bear misses you.
The black bear barely misses you. The black bear claws you.
* * * LOW HITPOINT WARNING * * *
The black bear completely misses you.
Unknown command.
You feel better. The black bear closely misses you. The black bear claws you.
* * * LOW HITPOINT WARNING * * *
The black bear barely misses you. The black bear bites you.
* * * LOW HITPOINT WARNING * * *
The black bear barely misses you. x2
You feel better. The black bear barely misses you. x2
The black bear claws you.
* * * LOW HITPOINT WARNING * * *
The black bear bites you.
* * * LOW HITPOINT WARNING * * *
The black bear claws you but does no damage.
The black bear barely misses you.
It was a potion of heal wounds.
You feel much better. The black bear bites you!
* * * LOW HITPOINT WARNING * * *
The black bear closely misses you.
The black bear claws you but does no damage.
The black bear closely misses you. x2; The black bear claws you.
* * * LOW HITPOINT WARNING * * *
The black bear bites you but does no damage.
The black bear claws you.
* * * LOW HITPOINT WARNING * * *
The black bear claws you.
* * * LOW HITPOINT WARNING * * *
Unknown command.
It was a potion of degeneration.
There was something very wrong with that liquid.
You feel weakened.
You feel dopey.
You feel clumsy. The black bear bites you!
* * * LOW HITPOINT WARNING * * *
The black bear claws you.
You die...

#######
#.....#
#.###.#
#h.#.######.#
#.#
~≈~~~lh@....#
#.#
~...~l#######
#.# .°... #.#
.○§. #.## .§§
#..# ~. ##.#
≈ .....#
####.#
........##.#
....##.##.# #


You could see a black bear (berserk), 2 iguanas and a jackal (confused).

Vanquished Creatures
  Sigmund (D:5)
  An ice beast (D:5)
  2 ogres
  A kobold brigand (D:5)
  A bullfrog (D:4)
  3 scorpions
  2 hounds (D:5)
  An orc priest (D:5)
  Jessica (D:2)
  Terence (D:2)
  An orc wizard (D:5)
  6 gnolls
  7 adders
  A shadow imp (D:5)
  2 ufetubi
  4 dart slugs
  4 orcs
  3 ball pythons
  6 endoplasms
  3 giant cockroaches
  10 goblins
  7 hobgoblins
  5 jackals (D:1)
  5 quokkas
  5 bats
  A frilled lizard (D:3)
  13 kobolds
97 creatures vanquished.

Vanquished Creatures (others)
  A centaur (D:5)
  A quokka (D:5)
2 creatures vanquished.

Grand Total: 99 creatures vanquished

Notes
Turn   | Place    | Note
-------+----------+-------------------------------------------
     0 | D:1      | Kinoniko the Ogre Berserker began the quest for the Orb.
     0 | D:1      | Reached XP level 1. HP: 24/24 MP: 1/1
   410 | D:1      | Reached XP level 2. HP: 32/32 MP: 2/2
   553 | D:1      | Reached XP level 3. HP: 23/40 MP: 3/3
  1187 | D:2      | Noticed Terence
  1207 | D:2      | Killed Terence
  1208 | D:2      | Reached skill level 5 in Fighting
  1208 | D:2      | Reached XP level 4. HP: 19/50 MP: 4/4
  1791 | D:2      | Reached XP level 5. HP: 47/57 MP: 5/5
  1894 | D:2      | Reached ** piety under Trog
  1947 | D:2      | Reached skill level 5 in Axes
  2110 | D:2      | Noticed Jessica
  2118 | D:2      | Killed Jessica
  2411 | D:3      | Found a white marble altar of Elyvilon.
  3222 | D:4      | Reached XP level 6. HP: 17/67 MP: 6/6
  3464 | D:4      | Reached skill level 6 in Fighting
  3972 | D:4      | Reached skill level 1 in Maces & Flails
  4097 | D:4      | Reached XP level 7. HP: 40/76 MP: 7/7
  4517 | D:5      | Entered Level 5 of the Dungeon
  4694 | D:5      | Reached skill level 7 in Fighting
  4736 | D:5      | Found a shadowy altar of Dithmenos.
  4965 | D:5      | Found a radiant altar of Vehumet.
  5028 | D:5      | Noticed Sigmund
  5031 | D:5      | Found a sparkling altar of Nemelex Xobeh.
  5040 | D:5      | Killed Sigmund
  5041 | D:5      | Reached XP level 8. HP: 87/87 MP: 8/8
  5189 | D:5      | Found a shimmering blue altar of Sif Muna.
  5215 | D:5      | Found an iron altar of Okawaru.
  5364 | D:5      | Found a shimmering altar of Xom.
  5370 | D:5      | Reached skill level 8 in Fighting
  5379 | D:5      | Reached skill level 5 in Maces & Flails
  5396 | D:5      | HP: 4/88 [black bear (12)]
  5396 | D:5      | Slain by a black bear

Illustrated notes

Levels and vault maps discovered:
D:1:      psy_arrival_wood_between_worlds, layout_rooms,
          chequers_serial_rivers_marsh, reono_crystal_passage
D:2:      layout_loops_cross, kennysheep_generic_room_14, uniq_jessica,
          uniq_terence
D:3:      layout_basic, elyvilon_altar_1
D:4:      layout_gridville, grunt_decor_cap, minmay_misc_feat_four_crosses
D:5:      layout_loops_cross, mainiacjoe_overflow_brackets, kennysheep_mini,
          nemelex_xobeh_ov_fountains_minmay,
          mainiacjoe_overflow_six_doors_small, xom_confusion_cloud,
          mainiacjoe_overflow_concentric_impassable,
          chequers_serial_rivers_micro_b, uniq_sigmund

Skill      XL: |  1  2  3  4  5  6  7  8 |
---------------+-------------------------+-----
Axes           | 4 5 |  5.8
Fighting       | 5 6 7 8 |  8.2
Maces & Flails | 2 4 5 |  5.3
Dodging        | |  2.6

Action                   |  1- 3 |  4- 6 |  7- 9 || total
-------------------------+-------+-------+-------++-------
Melee: Hand axe          |    93 |   115 |       ||   208
       Punch             |       |     4 |     1 ||     5
       Whip              |       |    41 |   113 ||   154
Invok: Berserk           |     3 |     4 |     4 ||    11
  Use: Scroll            |       |     6 |       ||     6
       Potion            |       |     1 |     4 ||     5
Armor: Animal skin       |    22 |    41 |    25 ||    88
Dodge: Dodged            |    47 |    84 |    60 ||   191

Table legend: (Time is in decaauts)
 A = Elapsed time spent in this place.
 B = Non-inter-level travel time spent in this place.
 C = Inter-level travel time spent in this place.
 D = Time resting spent in this place.
 E = Time spent auto-exploring this place.
 F = Levels seen in this place.
 G = Mean time per level.
                   A        B        C        D        E       F      G
               +--------+--------+--------+--------+--------+-----+--------+
         Total |   5485 |   5365 |    120 |    514 |   4193 |   5 | 1097.0 |
       Dungeon |   5485 |   5365 |    120 |    514 |   4193 |   5 | 1097.0 |
               +--------+--------+--------+--------+--------+-----+--------+

Top non-repeatable levels by time:
     D:4: 1369 daAuts
     D:1: 1213 daAuts
     D:2: 1186 daAuts
     D:5: 882 daAuts
     D:3: 835 daAuts
